[Event "Late-Titled-Tuesday-Blitz-April-16-2024"]
[Site "Chess.com"]
[Date "2024.04.16"]
[Round "4"]
[White "GaiozNigalidze"]
[Black "Ykow"]
[Result "0-1"]
[WhiteElo "2697"]
[BlackElo "2546"]
[TimeControl "180+1"]
[EndTime "14:35:01 PDT"]
[Termination "Ykow won by resignation"]

1. e4 c5 2. Nf3 Nc6 3. d4 cxd4 4. Nxd4 Nf6 5. Nc3 h5 6. Bc4 e6 7. Nxc6 bxc6 8. Bb3 Ba6 9. Bf4 Bb4 10. Qd4 c5 11.
Qd6 Qb6 12. Qe5 c4 13. Ba4 Ng4 14. O-O-O Nxe5 0-1

[Event "Late-Titled-Tuesday-Blitz-April-16-2024"]
[Site "Chess.com"]
[Date "2024.04.16"]
[Round "4"]
[White "Speed-O-Sonic"]
[Black "GoltsevDmitry2000"]
[Result "0-1"]
[WhiteElo "2543"]
[BlackElo "2784"]
[TimeControl "180+1"]
[EndTime "14:35:03 PDT"]
[Termination "GoltsevDmitry2000 won by resignation"]

1. e4 e6 2. d4 d5 3. Bd3 c5 4.
exd5 exd5 5. Nf3 Nf6 6. O-O Be7 7. dxc5 Bxc5 8. Re1+ Be6 9. Nbd2 O-O 10. Nb3 Bb6 11.
Bg5 h6 12. Bh4 Nc6 13. c3 Bg4 14. h3 Bh5 15. Be2 Qd6 16. Nfd4 Bxe2 17. Qxe2 Ne4 18. Qf3 Bc7 19. Nb5 Qh2+ 20. Kf1 Rae8 21. Nxc7 Nd2+ 0-1

[Event "Late-Titled-Tuesday-Blitz-April-16-2024"]
[Site "Chess.com"]
[Date "2024.04.16"]
[Round "4"]
[White "akanga001"]
[Black "FuenfgegenWilly"]
[Result "0-1"]
[WhiteElo "2122"]
[BlackElo "2435"]
[TimeControl "180+1"]
[EndTime "14:35:04 PDT"]
[Termination "FuenfgegenWilly won by resignation"]

1. d4 d5 2. c4 e5 3. dxe5 Ne7 4. Nf3 Be6 5. c5 Nd7 6. b4 a5 7. Bd2 axb4 8. Bxb4 Nc6 9. Bc3 Nxc5 10. e3 Ne4 11.
Bb2 Bb4+ 12. Nbd2 Bg4 13. Be2 Bxf3 14. O-O Bxe2 15. Qxe2 Nxd2 16. Rfd1 Nc4 17. e6 O-O 18. exf7+ Rxf7 19. Rac1 Nxb2 20. Qxb2 Ba3 21. Qxb7 Bxc1 22. Qxc6 Ba3 23. Rxd5 Bd6 24. g3 Rxa2 25. f4 Qb8 26. Rd1 Qa8 27. Qc3 0-1

[Event "Late-Titled-Tuesday-Blitz-April-16-2024"]
[Site "Chess.com"]
[Date "2024.04.16"]
[Round "4"]
[White "Guriempire"]
[Black "Stanbad1"]
[Result "1-0"]
[WhiteElo "2812"]
[BlackElo "2627"]
[TimeControl "180+1"]
[EndTime "14:35:12 PDT"]
[Termination "Guriempire won by resignation"]

1. e4 e6 2. d4 d5 3. Nc3 Nf6 4.
e5 Nfd7 5. f4 c5 6. Nf3 Nc6 7.
Be3 a6 8. Ne2 cxd4 9. Nexd4 Bc5 10. c3 O-O 11. a3 Qe7 12. Bd3 f6 13. exf6 Nxf6 14. O-O Ng4 15. Bxh7+ Kxh7 16. Ng5+ Qxg5 17. fxg5 Rxf1+ 18. Qxf1 Nxe3 19. Qd3+ Nf5 20. g4 Ne5 21. Qh3+ Nh4 22. Qxh4+ Kg8 23. Qg3 Nc4 24. Qc7 Bd6 25. Qd8+ Kh7 26. Rf1 Rb8 27. Rf7 e5 28. Qf6 Bf8 29. g6+ Kh6 30. Qh4+ 1-0

[Event "Late-Titled-Tuesday-Blitz-April-16-2024"]
[Site "Chess.com"]
[Date "2024.04.16"]
[Round "4"]
[White "Fengwi"]
[Black "Yushko_Olga"]
[Result "1-0"]
[WhiteElo "2449"]
[BlackElo "2292"]
[TimeControl "180+1"]
[EndTime "14:35:14 PDT"]
[Termination "Fengwi won by resignation"]

1. Nf3 Nf6 2. b3 e6 3. Bb2 d5 4. g3 Bd6 5. Bg2 c5 6. O-O Nc6 7. d3 O-O 8. Nbd2 b6 9. e4 dxe4 10. dxe4 Be7 11. e5 Nd5 12. a3 Bb7 13. c4 Nc7 14.
Qe2 Nd4 15. Nxd4 Bxg2 16. Kxg2 cxd4 17. Nf3 d3 18. Qe4 f5 19. exf6 Bxf6 20. Bxf6 Qxf6 21. Rad1 Qb2 22. Rxd3 Qxa3 23. Ng5 Rf5 24. Nxe6 Re8 25. Qxf5 Nxe6 26. Re1 Qe7 27. Rde3 Qb7+ 28. Kg1 g6 29. Qf6 1-0

[Event "Late-Titled-Tuesday-Blitz-April-16-2024"]
[Site "Chess.com"]
[Date "2024.04.16"]
[Round "4"]
[White "duone"]
[Black "Szachulec75"]
[Result "0-1"]
[WhiteElo "2313"]
[BlackElo "2108"]
[TimeControl "180+1"]
[EndTime "14:35:15 PDT"]
[Termination "Szachulec75 won by checkmate"]

1. e4 d6 2. d4 Nf6 3. Nc3 c6 4. Be3 Nbd7 5. Bc4 e5 6. Nf3 h6 7. O-O b5 8. Bb3 Be7 9. Qd3 b4 10. Ne2 a5 11. a4 O-O 12. Bc4 Qc7 13. dxe5 dxe5 14. Ng3 Nb6 15. Bxb6 Qxb6 16. Rad1 Qc7 17. Nh4 Ne8 18. Nhf5 Bxf5 19. Nxf5 Bf6 20. Qd7 Qb6 21. Qd3 Kh7 22. Qh3 Rd8 23. Rd3 Rxd3 24. c3 Rxh3 25. gxh3 bxc3 26. bxc3 Qc5 27. Ne3 Nd6 28. Be2 Nxe4 29.
Rc1 Bg5 30. Bd3 f5 31. Nxf5 Bxc1 32. Bxe4 Rxf5 33. Bxf5+ g6 34. Be4 Qxc3 35. Kg2 Bf4 36. Bf3 c5 37. Be4 c4 38. Bf3 Qd4 39. Be4 Qxe4+ 40. f3 Qe2+ 41. Kg1 Be3+ 42. Kh1 Qf1# 0-1

[Event "Late-Titled-Tuesday-Blitz-April-16-2024"]
[Site "Chess.com"]
[Date "2024.04.16"]
[Round "4"]
[White "LuisFSiles"]
[Black "KingCyber19"]
[Result "0-1"]
[WhiteElo "2383"]
[BlackElo "2547"]
[TimeControl "180+1"]
[EndTime "14:35:17 PDT"]
[Termination "KingCyber19 won by resignation"]

1. e4 e5 2. Nf3 Nc6 3. Nc3 Nf6 4. Bc4 Nxe4 5. O-O Nxc3 6. dxc3 Be7 7. Qd5 O-O 8. Nxe5 Nxe5 9. Qxe5 d6 10. Qg3 Be6 11. Bh6 Bf6 12. Bxe6 fxe6 13. Rae1 Kh8 14. Bd2 Qd7 15.
Re4 Rae8 16. Rfe1 d5 17. R4e2 Qa4 18. Rxe6 Rxe6 19. Rxe6 Bh4 20. Qxc7 Bxf2+ 21. Kh1 Bb6 0-1

[Event "Late-Titled-Tuesday-Blitz-April-16-2024"]
[Site "Chess.com"]
[Date "2024.04.16"]
[Round "4"]
[White "HipsterChess22"]
[Black "SmirnovTimofey2000"]
[Result "1-0"]
[WhiteElo "2245"]
[BlackElo "1982"]
[TimeControl "180+1"]
[EndTime "14:35:18 PDT"]
[Termination "HipsterChess22 won by resignation"]

1. d4 d5 2. Nc3 Nf6 3. Bf4 c5 4.
e3 cxd4 5. exd4 a6 6. Nf3 e6 7. Ne5 Be7 8. Bd3 O-O 9. O-O Nc6 10.
Ne2 h6 11. c3 Nxe5 12. Bxe5 Bd6 13. f4 Qc7 14. Ng3 Qd8 15. Bc2 b5 16. Qd3 g6 17. a3 Qe7 18. Rae1 Nd7 19. Nh5 Bxe5 20. fxe5 Bb7 21. Rf3 f5 22. exf6 Rxf6 23. Nxf6+ Nxf6 24.
Qxg6+ 1-0

[Event "Late-Titled-Tuesday-Blitz-April-16-2024"]
[Site "Chess.com"]
[Date "2024.04.16"]
[Round "4"]
[White "carloseduar100"]
[Black "SilverCityIndigo"]
[Result "0-1"]
[WhiteElo "2237"]
[BlackElo "2423"]
[TimeControl "180+1"]
[EndTime "14:35:22 PDT"]
[Termination "SilverCityIndigo won by resignation"]

1. d4 d5 2. c3 Bg4 3. Nf3 Bxf3 4. exf3 c6 5. Bd3 g6 6. O-O Bg7 7. Re1 Nh6 8. Nd2 O-O 9. Nf1 f6 10. Qb3 Qc7 11. c4 dxc4 12. Bxc4+ Kh8 13. Bxh6 Bxh6 14.
Re6 b5 15. Bd3 Rd8 16. Rae1 Bf8 17. Qc3 Qf4 18. Be4 f5 19. Bxc6 Nxc6 20. Qxc6 Qxd4 21.
Qxb5 Rab8 22. Qa6 Rxb2 23. Qxa7 Qxa7 0-1

[Event "Late-Titled-Tuesday-Blitz-April-16-2024"]
[Site "Chess.com"]
[Date "2024.04.16"]
[Round "4"]
[White "jaskol95"]
[Black "LUISMIGUELOV"]
[Result "1-0"]
[WhiteElo "2537"]
[BlackElo "2188"]
[TimeControl "180+1"]
[EndTime "14:35:23 PDT"]
[Termination "jaskol95 won by resignation"]

1. d4 Nf6 2. Nc3 d5 3. Bf4 Bf5 4.
e3 c6 5. Nf3 Nbd7 6. Ne5 Nxe5 7. dxe5 Ne4 8. Nxe4 Bxe4 9. f3 Qa5+ 10. c3 Bg6 11.
Bd3 e6 12. O-O Be7 13. Bxg6 hxg6 14. Qd3 b5 15. b4 Qb6 16. a4 a6 17. axb5 cxb5 18.
Ra3 O-O 19. Rfa1 Rfc8 20. Kf1 Rc4 21. Ke2 Qc6 22. Bg3 a5 23. Rxa5 Rxa5 24. Rxa5 Rxc3 25. Qxb5 Rc2+ 26. Kf1 Bxb4 27. Qxb4 Rc1+ 28. Be1 Qc2 29.
Ra8+ 1-0

[Event "Late-Titled-Tuesday-Blitz-April-16-2024"]
[Site "Chess.com"]
[Date "2024.04.16"]
[Round "4"]
[White "masnyszachistaaa"]
[Black "Lukianoo"]
[Result "0-1"]
[WhiteElo "2568"]
[BlackElo "2828"]
[TimeControl "180+1"]
[EndTime "14:35:28 PDT"]
[Termination "Lukianoo won by resignation"]

1. c4 Nf6 2. Nc3 e6 3. e4 d5 4. e5 d4 5. exf6 dxc3 6. bxc3 Qxf6 7. d4 Nd7 8. Nf3 h6 9. Be2 b6 10. O-O Bd6 11. Nd2 Bb7 12. Bf3 Bxf3 13. Qxf3 Qxf3 14.
Nxf3 O-O 15. a4 Nb8 16. Nd2 Nc6 17. Nb3 e5 18. Be3 f5 19. f3 Rfe8 20. Bf2 exd4 21. cxd4 Re2 22. d5 Ne5 23. Nd4 Rxf2 24. Rxf2 Bc5 25.
Rd1 Nxc4 26. Kh1 Ne3 27. Rd3 Nxd5 28. Re2 Nf4 29. Red2 Nxd3 30. Rxd3 Rd8 0-1

[Event "Late-Titled-Tuesday-Blitz-April-16-2024"]
[Site "Chess.com"]
[Date "2024.04.16"]
[Round "4"]
[White "Smoking_Crow"]
[Black "AlejandroArias"]
[Result "1-0"]
[WhiteElo "2678"]
[BlackElo "2413"]
[TimeControl "180+1"]
[EndTime "14:35:29 PDT"]
[Termination "Smoking_Crow won on time"]

1. e4 c5 2. Nf3 g6 3. c3 Bg7 4. d4 cxd4 5. cxd4 d5 6. e5 Nc6 7. h3 Nh6 8. Nc3 O-O 9. Bb5 Bd7 10. Bf4 a6 11. Ba4 b5 12. Bb3 e6 13. Qd2 Nf5 14.
g4 Nfe7 15. h4 f6 16. exf6 Bxf6 17. Bh6 Qb6 18. Bxf8 Rxf8 19. Ne2 Bg7 20. Rh3 a5 21. Rd1 Nc8 22. h5 Nd6 23. hxg6 Ne4 24. gxh7+ Kh8 25. Qe3 Be8 26. Bc2 Bg6 27. Nh4 Bxh7 28. Ng6+ Kg8 29. Nxf8 Bxf8 30. Rxh7 Kxh7 31. f3 Bh6 32. g5 Bg7 33.
fxe4 1-0

[Event "Late-Titled-Tuesday-Blitz-April-16-2024"]
[Site "Chess.com"]
[Date "2024.04.16"]
[Round "4"]
[White "AlexeiShirov"]
[Black "SantoBlue"]
[Result "1-0"]
[WhiteElo "2816"]
[BlackElo "3009"]
[TimeControl "180+1"]
[EndTime "14:35:31 PDT"]
[Termination "AlexeiShirov won by resignation"]

1. e4 e5 2. Nf3 Nc6 3. Bc4 Bc5 4. c3 Nf6 5. d4 exd4 6. e5 d5 7.
Bb5 Ne4 8. cxd4 Bb6 9. Be3 O-O 10.
Nc3 Bg4 11. h3 Bh5 12. Qc2 Nxc3 13. Bxc6 bxc6 14. Qxc3 Bxf3 15. gxf3 f6 16. f4 fxe5 17. fxe5 Qh4 18. O-O-O Kh8 19. Qxc6 Qe4 20. Qc2 Qf3 21. Rhg1 a5 22. Rg3 Qf7 23. Rdg1 Rg8 24. f4 c5 25. dxc5 Rac8 26. Kb1 d4 27. Bxd4 Qxf4 28. Qc3 Rgd8 29. Rg4 Qf5+ 30. Ka1 g6 31. e6+ Kg8 32. e7 Re8 33. Qb3+ Qf7 34. cxb6 1-0

[Event "Late-Titled-Tuesday-Blitz-April-16-2024"]
[Site "Chess.com"]
[Date "2024.04.16"]
[Round "4"]
[White "RianKapriaga"]
[Black "Rawnsdale"]
[Result "0-1"]
[WhiteElo "2290"]
[BlackElo "2485"]
[TimeControl "180+1"]
[EndTime "14:35:33 PDT"]
[Termination "Rawnsdale won by resignation"]

1. d4 d5 2. Nf3 Nf6 3. Bf4 Bf5 4.
e3 e6 5. Bd3 Bg6 6. Ne5 Nbd7 7.
Nxg6 hxg6 8. h3 Bd6 9. Qf3 Bxf4 10. Qxf4 c5 11. c3 Qb6 12. b3 Rc8 13. O-O O-O 14. Nd2 cxd4 15. cxd4 Rc3 16. Be2 Rc2 17. Rfd1 Qa5 18.
b4 Qxb4 19. Rab1 Qc3 20. Rb3 Qa5 21. Rd3 Ne4 22. Nxe4 dxe4 23. Qxe4 Rxe2 24. Qxb7 Nf6 25. a3 Re1+ 26. Kh2 Rxd1 27. Rxd1 Qxa3 28. Kg1 a5 29.
Rb1 a4 30. Rb5 Qc1+ 31. Kh2 a3 32. Ra5 Qd2 33. Kg3 Qxa5 0-1

[Event "Late-Titled-Tuesday-Blitz-April-16-2024"]
[Site "Chess.com"]
[Date "2024.04.16"]
[Round "4"]
[White "Cuchulin"]
[Black "gmcorrales"]
[Result "0-1"]
[WhiteElo "2220"]
[BlackElo "2929"]
[TimeControl "180+1"]
[EndTime "14:35:35 PDT"]
[Termination "gmcorrales won by checkmate"]

1. d4 Nf6 2. Bf4 e6 3. e3 c5 4. Nf3 cxd4 5. exd4 Nc6 6. Nc3 Qb6 7. Rb1 Bb4 8. Be2 Nd5 9. O-O Bxc3 10. bxc3 Nxc3 11. Rxb6 Nxd1 12. Rxc6 bxc6 13. Rxd1 f6 14. Bd6 a5 15. c4 Ba6 16. Rb1 Kf7 17. Bf1 Ra7 18. c5 Bxf1 19. Kxf1 a4 20. a3 Rha8 21. Nd2 Ra5 22. Nc4 Rb5 23. Rd1 Rb3 24. Nb6 Ra7 25. Ra1 Ra5 26. g3 Ke8 27. Ke2 Rc3 28. Kd2 Rb3 29. Ke2 h5 30. h4 Rb2+ 31. Ke3 Rab5 32. Nxa4 R5b3+ 33. Ke4 Re2+ 34. Kf4 Rxf2+ 35. Ke4 f5+ 36.
Ke5 Re3# 0-1

[Event "Late-Titled-Tuesday-Blitz-April-16-2024"]
[Site "Chess.com"]
[Date "2024.04.16"]
[Round "4"]
[White "pfalcon1949"]
[Black "KorolDimitriy75"]
[Result "0-1"]
[WhiteElo "1959"]
[BlackElo "2317"]
[TimeControl "180+1"]
[EndTime "14:35:37 PDT"]
[Termination "KorolDimitriy75 won by resignation"]

1. e4 c5 2. Nf3 d6 3. d4 cxd4 4.
Nxd4 Nf6 5. Nc3 g6 6. Be3 Bg7 7. f3 O-O 8. Bc4 Nc6 9. Qe2 Bd7 10. O-O-O Ne5 11. Bb3 Qa5 12. h4 Rfc8 13. Kb1 h5 14. g4 hxg4 15. f4 Nf3 16. Nxf3 gxf3 17. Qxf3 Bg4 18. Qg2 Bxd1 19. Qxg6 Bh5 20. Qg3 Rxc3 21.
Rg1 Ng4 22. Qg2 Rxe3 23. f5 Qe1+ 0-1

[Event "Late-Titled-Tuesday-Blitz-April-16-2024"]
[Site "Chess.com"]
[Date "2024.04.16"]
[Round "4"]
[White "ameetghasi100"]
[Black "biesiadnik"]
[Result "1-0"]
[WhiteElo "2786"]
[BlackElo "2546"]
[TimeControl "180+1"]
[EndTime "14:35:38 PDT"]
[Termination "ameetghasi100 won by resignation"]

1. c4 e6 2. Nf3 d5 3. e3 Nf6 4. b3 c5 5. Bb2 Nc6 6. cxd5 exd5 7. Bb5 Bd6 8. O-O O-O 9. h3 Bd7 10. Nc3 a6 11. Bxc6 Bxc6 12. d4 Re8 13. Rc1 Rc8 14.
Re1 Ne4 15. dxc5 Bxc5 16. Nd4 Bd7 17. Nxd5 Qg5 18. Nf4 Bb4 19. Nf3 Qe7 20. Qd4 f6 21. Nd5 Rxc1 22. Rxc1 1-0

[Event "Late-Titled-Tuesday-Blitz-April-16-2024"]
[Site "Chess.com"]
[Date "2024.04.16"]
[Round "4"]
[White "ChessSwole"]
[Black "Denisenko_Denis"]
[Result "1-0"]
[WhiteElo "2673"]
[BlackElo "2415"]
[TimeControl "180+1"]
[EndTime "14:35:39 PDT"]
[Termination "ChessSwole won by resignation"]

1. d4 d5 2. Nf3 Nf6 3. Bf4 e6 4.
e3 Bd6 5. Ne5 c5 6. Nd2 Nc6 7. Bb5 Qc7 8. c4 O-O 9. Bxc6 bxc6 10. O-O cxd4 11. exd4 Rb8 12. c5 Bxe5 13. Bxe5 Qb7 14. Bxb8 Qxb8 15. b3 e5 16. dxe5 Qxe5 17. h3 Bf5 18. Nf3 Qf4 19. Qd4 Qxd4 20. Nxd4 Bd7 21.
f3 Nh5 22. Rfe1 Nf4 23. Re7 Rd8 24. Rae1 Kf8 25. R7e3 h5 26. h4 g6 27. g3 Ne6 28. Rxe6 Bxe6 29. Rxe6 fxe6 30. Nxe6+ Ke7 31. Nxd8 Kxd8 32. Kf2 Ke7 33. Ke3 Ke6 34. Kd4 Kf5 35. b4 a6 36. a4 Ke6 37. g4 Kf6 38.
b5 cxb5 39. axb5 axb5 40. Kxd5 g5 41. hxg5+ Kxg5 42. gxh5 1-0

[Event "Late-Titled-Tuesday-Blitz-April-16-2024"]
[Site "Chess.com"]
[Date "2024.04.16"]
[Round "4"]
[White "giomar27"]
[Black "trriinu"]
[Result "1-0"]
[WhiteElo "2483"]
[BlackElo "2261"]
[TimeControl "180+1"]
[EndTime "14:35:41 PDT"]
[Termination "giomar27 won on time"]

1. f3 d5 2. g3 e5 3. Nh3 c5 4. Nf2 Nc6 5. Bg2 f5 6. O-O Nf6 7. d3 Be7 8. Nc3 O-O 9. e4 d4 10. Ne2 g6 11. f4 Bd6 12. a4 Be6 13. fxe5 Bxe5 14. Nf4 Bf7 15. exf5 gxf5 16. Bd2 Ne7 17. N2h3 Ng4 18. Ng5 Bxf4 19. Bxf4 Nd5 20. Nxf7 Rxf7 21. Bxd5 Qxd5 22. Qf3 Qxf3 23. Rxf3 Re8 24. h3 Nf6 25. Bd6 Re2 26. Rf2 Rxf2 27. Kxf2 b6 28. Re1 Nd5 29. Re8+ Kg7 30. Be5+ Kh6 31. Rg8 a6 32. Kf3 Nb4 33. g4 fxg4+ 34. Kxg4 Nxc2 35. Bf4+ Rxf4+ 36. Kxf4 Ne3 37. Ra8 Kh5 38. Rxa6 Nd5+ 39. Ke4 1-0

[Event "Late-Titled-Tuesday-Blitz-April-16-2024"]
[Site "Chess.com"]
[Date "2024.04.16"]
[Round "4"]
[White "albi1999"]
[Black "GMG"]
[Result "0-1"]
[WhiteElo "2674"]
[BlackElo "2828"]
[TimeControl "180+1"]
[EndTime "14:35:42 PDT"]
[Termination "GMG won by resignation"]

1. d4 f5 2. e4 fxe4 3. Nc3 Nf6 4.
Bg5 Nc6 5. d5 Ne5 6. Qe2 c6 7. O-O-O Nf7 8. Bxf6 gxf6 9. Nxe4 Bh6+ 10. Kb1 O-O 11. Qh5 cxd5 12. Rxd5 e6 13. Rd1 d5 14. Ng3 f5 15. Nf3 Qf6 16. Bd3 Bg7 17. c3 b5 18. Qh4 Qxh4 19. Nxh4 Ne5 20. Bxb5 Rb8 21. Be2 Ng4 22. Bxg4 fxg4 23. f3 Bxc3 24. Kc2 Bf6 0-1

[Event "Late-Titled-Tuesday-Blitz-April-16-2024"]
[Site "Chess.com"]
[Date "2024.04.16"]
[Round "4"]
[White "rdarruda"]
[Black "carlsenCamacho"]
[Result "1-0"]
[WhiteElo "2542"]
[BlackElo "2296"]
[TimeControl "180+1"]
[EndTime "14:35:45 PDT"]
[Termination "rdarruda won by checkmate"]

1. Nf3 c6 2. d4 d5 3. c4 e6 4. e3 Nf6 5. Nc3 Bd6 6. Bd3 dxc4 7. Bxc4 b5 8. Bb3 a6 9. O-O O-O 10. e4 Bb4 11. e5 Nd5 12. Ne4 Nd7 13. Qc2 Be7 14.
Qxc6 Ra7 15. Qc2 Rc7 16. Qe2 Bb7 17. Bd2 Rc8 18. Rac1 N7b6 19. Rxc8 Qxc8 20. Rc1 Qa8 21. Nc5 Bxc5 22. Rxc5 Rc8 23. Rxc8+ Qxc8 24. Ne1 Nc4 25.
Bc1 a5 26. Bc2 Ne7 27. Nf3 Qc6 28. h3 a4 29. a3 g6 30. Kh2 Nf5 31. Bg5 Nxd4 32.
Qd3 Nxf3+ 33. gxf3 Nxe5 34. Qd8+ Kg7 35. Qf6+ Kg8 36. Qd8+ Kg7 37. Bf6+ Kh6 38. Qd2+ Kh5 39. Qg5# 1-0

[Event "Late-Titled-Tuesday-Blitz-April-16-2024"]
[Site "Chess.com"]
[Date "2024.04.16"]
[Round "4"]
[White "lluiss"]
[Black "1800_strength"]
[Result "0-1"]
[WhiteElo "2117"]
[BlackElo "2721"]
[TimeControl "180+1"]
[EndTime "14:35:46 PDT"]
[Termination "1800_strength won by resignation"]

1. Nf3 h5 2. d4 h4 3. h3 e6 4. Bg5 Be7 5. Bxe7 Qxe7 6. e3 Qb4+ 7. Nbd2 Qxb2 8. Rb1 Qa3 9. Nc4 Qe7 10. Bd3 b6 11. O-O Bb7 12. a4 d6 13. a5 Nd7 14.
axb6 axb6 15. Qe2 Ngf6 16. Ra1 Nd5 17. Rxa8+ Bxa8 18. Ra1 O-O 19. Qd2 e5 20. dxe5 dxe5 21. Be4 c6 22. Ra7 N5f6 23. Bf5 Qc5 24. Qe2 b5 25. Bxd7 Qxa7 26. Ncxe5 Nxd7 0-1

[Event "Late-Titled-Tuesday-Blitz-April-16-2024"]
[Site "Chess.com"]
[Date "2024.04.16"]
[Round "4"]
[White "eljanov"]
[Black "djano"]
[Result "1-0"]
[WhiteElo "2905"]
[BlackElo "2624"]
[TimeControl "180+1"]
[EndTime "14:35:50 PDT"]
[Termination "eljanov won by resignation"]

1. Nf3 g6 2. d4 Nf6 3. c4 Bg7 4. Nc3 O-O 5. e4 d6 6. Be2 e5 7. O-O exd4 8. Nxd4 Re8 9. f3 c6 10. Bf4 d5 11. cxd5 cxd5 12. Ndb5 Nh5 13. Bc7 Qg5 14. Nxd5 Nc6 15. f4 Qh4 16. Bxh5 gxh5 17. Nd6 Bg4 18. Qe1 Qxe1 19. Raxe1 Bxb2 20. Nxe8 Rxe8 21. f5 h4 22. h3 Bh5 23. Nf4 Bd4+ 24. Kh1 Rc8 25. Bd6 Rd8 26. Ba3 Bc3 27. Nxh5 Bxe1 28. Rxe1 Rd2 29. e5 Rxa2 30. Bd6 Rd2 31. Re4 b5 32. Rg4+ Kh8 33. Nf6 1-0

[Event "Late-Titled-Tuesday-Blitz-April-16-2024"]
[Site "Chess.com"]
[Date "2024.04.16"]
[Round "4"]
[White "Caracal3000"]
[Black "Franmu14"]
[Result "0-1"]
[WhiteElo "2495"]
[BlackElo "2725"]
[TimeControl "180+1"]
[EndTime "14:35:50 PDT"]
[Termination "Franmu14 won by resignation"]

1. e4 e5 2. Nf3 Nc6 3. Nc3 d6 4. d4 exd4 5. Nxd4 Nf6 6. Bb5 Bd7 7. Bxc6 bxc6 8. Qf3 c5 9. Nb3 Be7 10. O-O O-O 11.
Nd5 Nxd5 12. exd5 Bf6 13. c3 a5 14. Nd2 Re8 15. Ne4 Be7 16. Ng3 a4 17. Re1 g6 18.
Bh6 a3 19. b3 Bf6 20. Rxe8+ Bxe8 21. Re1 Bg7 22. Bxg7 Kxg7 23. Qg4 Bd7 24. Qe4 Qf6 25. c4 Re8 26. Qb1 Rxe1+ 27. Qxe1 h5 28. h3 Qb2 29. Qe2 h4 0-1

[Event "Late-Titled-Tuesday-Blitz-April-16-2024"]
[Site "Chess.com"]
[Date "2024.04.16"]
[Round "4"]
[White "Mikhal867"]
[Black "CaspiIsrael"]
[Result "1-0"]
[WhiteElo "2553"]
[BlackElo "2723"]
[TimeControl "180+1"]
[EndTime "14:35:54 PDT"]
[Termination "Mikhal867 won by checkmate"]

1. c4 f5 2. g3 g6 3. Bg2 Bg7 4.
Nf3 Nf6 5. O-O O-O 6. Nc3 d6 7.
d4 Nc6 8. d5 Na5 9. Nd2 c5 10.
Qc2 Bd7 11. b3 a6 12. Bb2 b5 13. Rab1 Rb8 14. Ba1 Qc7 15. Rfe1 Rb7 16. e4 f4 17. e5 Ng4 18. e6 Be8 19. Nce4 Bxa1 20. Rxa1 fxg3 21. fxg3 bxc4 22. Nxc4 Nxc4 23. Qxc4 Ne5 24. Qc3 Rb4 25. Rf1 Rxf1+ 26. Rxf1 Qb6 27. Kh1 c4 28.
Qd2 Kg7 29. Qf4 Bf7 30. exf7 Nxf7 31. Qxf7+ Kh6 32. Qf8+ Kh5 33. Bf3# 1-0

[Event "Late-Titled-Tuesday-Blitz-April-16-2024"]
[Site "Chess.com"]
[Date "2024.04.16"]
[Round "4"]
[White "Mikhail_Bryakin"]
[Black "Hikaru"]
[Result "0-1"]
[WhiteElo "2875"]
[BlackElo "3275"]
[TimeControl "180+1"]
[EndTime "14:35:57 PDT"]
[Termination "Hikaru won by resignation"]

1. c4 e5 2. Nc3 Nc6 3. g3 Bc5 4. Bg2 a6 5. e3 d6 6. Nge2 Ba7 7. Nd5 Nce7 8. Nec3 c6 9. Nxe7 Qxe7 10. O-O h5 11. d4 h4 12. b4 Nf6 13. c5 d5 14.
e4 hxg3 15. fxg3 Bg4 16. Qd3 dxe4 17. Nxe4 O-O-O 18. Bb2 Bb8 19. Rae1 Nxe4 20. Bxe4 g6 21. Bg2 f5 22. Qe3 e4 23. d5 cxd5 24. Bxh8 Rxh8 25. Qd4 Qh7 26. Re3 Qxh2+ 27. Kf2 Bf3 28. Rg1 Qxg3+ 29. Kf1 Bxg2+ 30. Ke2 Bf3+ 31. Kd2 Rh2+ 32. Kc3 Qxg1 0-1

[Event "Late-Titled-Tuesday-Blitz-April-16-2024"]
[Site "Chess.com"]
[Date "2024.04.16"]
[Round "4"]
[White "campochess"]
[Black "pirulillo"]
[Result "0-1"]
[WhiteElo "2205"]
[BlackElo "2339"]
[TimeControl "180+1"]
[EndTime "14:35:58 PDT"]
[Termination "pirulillo won by resignation"]

1. e4 c5 2. b4 cxb4 3. d4 d5 4. exd5 Nf6 5. c4 bxc3 6. Nxc3 Nxd5 7. Nxd5 Qxd5 8. Nf3 Nc6 9. Be3 e6 10. Be2 Bb4+ 11.
Kf1 O-O 12. Qa4 Bd7 13. Rc1 Bd6 14. Rc3 a6 15. Bc4 Qh5 16. Qd1 b5 17. Be2 Qd5 18. h4 Rfc8 19. a3 Na5 20. Rxc8+ Rxc8 21. h5 Bxa3 22.
Rh4 Nc4 23. Qd3 Nxe3+ 24. fxe3 Rc1+ 25. Kf2 Bf8 26. Ne5 Be8 27. Rg4 f6 28. e4 Qa2 29.
Nf3 Rc2 30. Ng1 Bxh5 31. Rxg7+ Bxg7 0-1

[Event "Late-Titled-Tuesday-Blitz-April-16-2024"]
[Site "Chess.com"]
[Date "2024.04.16"]
[Round "4"]
[White "GlavkonVVS"]
[Black "platy3"]
[Result "1-0"]
[WhiteElo "2610"]
[BlackElo "2878"]
[TimeControl "180+1"]
[EndTime "14:35:59 PDT"]
[Termination "GlavkonVVS won by resignation"]

1. c4 e5 2. Nc3 Nf6 3. g3 Bb4 4. Bg2 Bxc3 5. bxc3 O-O 6. Nf3 e4 7.
Nd4 Re8 8. O-O d6 9. Rb1 Nbd7 10. d3 Nc5 11. f3 exd3 12. exd3 d5 13. f4 Bg4 14.
Qc2 Qd7 15. f5 Qa4 16. Qxa4 Nxa4 17. Rxb7 Nxc3 18. Bg5 Ne2+ 19. Nxe2 Bxe2 20. Rc1 dxc4 21. dxc4 Ne4 22. Bf4 c6 23. Rc7 Nc5 24. Bxc6 Nd3 25.
Bxe8 Rxe8 26. Rc3 h6 27. c5 Nb4 28. Re3 Rxe3 29. Bxe3 Nd5 30. Rc8+ Kh7 31. Bd4 Bg4 32. Rd8 Ne7 33. f6 Nc6 34. Rd6 1-0

[Event "Late-Titled-Tuesday-Blitz-April-16-2024"]
[Site "Chess.com"]
[Date "2024.04.16"]
[Round "4"]
[White "Karacsonyi_Gellert"]
[Black "guillembaches"]
[Result "1-0"]
[WhiteElo "2734"]
[BlackElo "2537"]
[TimeControl "180+1"]
[EndTime "14:36:01 PDT"]
[Termination "Karacsonyi_Gellert won on time"]

1. e4 c5 2. Nf3 d6 3. d4 cxd4 4.
Nxd4 Nf6 5. Nc3 Nc6 6. Nxc6 bxc6 7. Bc4 e6 8. O-O Be7 9. Bf4 Qc7 10. Re1 Nd7 11.
Bg3 O-O 12. Qh5 Rb8 13. Rab1 Nf6 14. Qe2 e5 15. h3 Bb7 16. b4 h6 17. a4 Ba8 18. b5 Rfc8 19. Bd3 cxb5 20. Nxb5 Qc5 21. Qe3 Qxe3 22. Rxe3 a6 23. Na3 Rxb1+ 24. Nxb1 d5 25. exd5 Nxd5 26. Rxe5 Bf6 27. Re1 Nb4 28. Bf5 Rd8 29.
Bc7 Nxc2 30. Bxc2 Rc8 31. Bf5 1-0

[Event "Late-Titled-Tuesday-Blitz-April-16-2024"]
[Site "Chess.com"]
[Date "2024.04.16"]
[Round "4"]
[White "Shankland"]
[Black "marcodobrikov"]
[Result "1-0"]
[WhiteElo "2890"]
[BlackElo "2587"]
[TimeControl "180+1"]
[EndTime "14:36:05 PDT"]
[Termination "Shankland won by resignation"]

1. d4 d5 2. c4 c6 3. Nc3 Nf6 4. e3 e6 5. Nf3 Bd6 6. Bd3 Nbd7 7. e4 dxe4 8. Nxe4 Nxe4 9. Bxe4 Nf6 10. Bc2 c5 11. O-O cxd4 12. Qxd4 Be7 13. Qh4 Qa5 14.
Bd2 Qh5 15. Qg3 O-O 16. Ne5 Bd6 17. Bc3 Nd7 18. Qf3 Qxf3 19. Nxf3 Be7 20. Rfd1 Bf6 21. Bxf6 Nxf6 22. Ne5 b6 23. a4 Bb7 24. a5 Rfd8 25. f3 Kf8 26. Rxd8+ Rxd8 27. axb6 axb6 28. Ra7 Rb8 29.
Ba4 Kg8 30. h4 Nh5 31. Nd7 Ra8 32. Rxb7 Nf4 33. Nxb6 Rd8 34. Rd7 Rb8 35. c5 Kf8 36. b4 h5 37. c6 Rxb6 38. c7 1-0